 Dungeon Crawl Stone Soup version 0.18-a0-1702-gd20c6a5 (webtiles) character file.

40 HeOfManyNames the Insei (level 3, 0/29 HPs)
             Began as a Mummy Monk on Apr 7, 2016.
             Slain by a quokka (2 damage)
             ... on level 1 of the Dungeon.
             The game lasted 00:01:04 (1322 turns).

HeOfManyNames the Insei (Mummy Monk)                Turns: 1322, Time: 00:01:04

Health: 0/29       AC:  1    Str: 14    XL:     3   Next: 30%
Magic:  3/3        EV: 13    Int:  9    God:
Gold:   11         SH:  0    Dex: 15    Spells: 0 memorised, 2 levels left

rFire  x . .     SeeInvis .       - Unarmed
rCold  + . .     Gourm    .     (no armour)
rNeg   + + +     Faith    .     (no shield)
rPois  ∞         Spirit   .     (no helmet)
rElec  .         Dismiss  .     c - +0 cloak
rCorr  .         Reflect  .     (no gloves)
SustAt .         Harm     .     (no boots)
MR     .....                    (no amulet)
Stlth  ++........               (no ring)
                                (no ring)

@: not resistant to hostile enchantments, unstealthy
A: no food or potions, fire vulnerability, cold resistance 1, negative energy
resistance 3, torment resistance, unbreathing
a: no special abilities


You were on level 1 of the Dungeon.
You were not hungry.

You visited 1 branch of the dungeon, and saw 2 of its levels.

You collected 11 gold pieces.


Innate Abilities, Weirdness & Mutations

You do not eat or drink.
Your flesh is vulnerable to fire.
You are immune to poison.
Your flesh is cold resistant.
You are immune to negative energy.
You are immune to unholy pain and torment.
You can survive without breathing.


   Skills:
 - Level 3.0 Fighting
 - Level 2.4 Dodging
 - Level 1.5 Stealth
 + Level 4.2 Unarmed Combat


You had 2 spell levels left.
You didn't know any spells.

Inventory:

Armour
 c - a +0 cloak (worn)
Scrolls
 a - a scroll of identify {unknown}
 b - 2 scrolls of teleportation {unknown}
 d - a scroll of remove curse {unknown}

Dungeon Overview and Level Annotations

Branches:
Dungeon (2/15)

Altars:

Annotations:
D:1 exclusion: 3 doors

▒.▒▒▒▒▒▒......(▒▒▒ ▒.
▒.▒▒..(.).......(▒ ▒.
▒.▒▒.▒▒▒.......▒.▒ ▒.
..............▒▒.▒ ▒.
......▒......▒▒▒.▒ ▒.
▒.▒▒▒.†▒.▒..▒▒ ▒.▒ ▒▒▒▒▒▒▒▒▒▒▒▒.
▒.▒ ▒.......▒ ▒.▒ ▒............
▒.▒▒▒▒.▒.▒.▒▒▒▒▒r▒▒▒▒.▒▒▒▒▒▒▒▒▒▒▒
..▒...........g>M...▒.▒▒▒▒▒▒
▒▒▒.▒▒▒▒.▒▒▒.▒▒K▒▒▒.▒......▒ ▒.▒
▒.▒.............▒▒▒.▒ ▒.▒
▒▒....▒▒''')'▒▒......▒ ▒.▒
▒...▒▒▒.......▒▒▒....▒
▒.▒▒▒..▒▒......)....▒▒...▒▒
▒.▒....▒▒...........▒▒....▒
▒.▒...▒▒▒▒▒▒▒'''▒▒▒▒▒▒▒...▒
▒.▒...▒o▒...........▒K▒...▒


You could see a quokka, a goblin and a kobold.


Message History

You miss the quokka!
The kobold hits you with a club! * * * don't die
* * * The quokka closely misses you!
The goblin misses you!
You are too injured to fight recklessly!!!
You are too injured to fight recklessly!!!
You are too injured to fight recklessly!!!
You are too injured to fight recklessly!!!
You are too injured to fight recklessly!!!
You are too injured to fight recklessly!!!
You are too injured to fight recklessly!!!
You are too injured to fight recklessly!!!
You are too injured to fight recklessly!!!
You are too injured to fight recklessly!!!
You are too injured to fight recklessly!!!
You are too injured to fight recklessly!!!
You are too injured to fight recklessly!!!
Unknown command!
The kobold closely misses you! The kobold hits you but does no damage!
The goblin hits you with a dagger! * * * don't die
* * * The quokka barely misses you!
There is a stone staircase leading up here!
The kobold closely misses you! The quokka closely misses you!
The goblin hits you with a dagger! * * * don't die
* * * You climb upwards!
Level annotation: exclusion: 3 doors
There is a stone staircase leading down here!
The quokka bites you! rip

Action                   || total
-------------------------++-------
Melee: Unarmed           ||    96

Vault maps used:
D:1:      lordsloth_arrival_two_stooges
D:2:      lemuel_round_altar, kennysheep_generic_room_16

Notes
Turn   | Place    | Note
--------------------------------------------------------------
     0 | D:1      | HeOfManyNames the Mummy Monk began the quest for the Orb.
     0 | D:1      | Reached XP level 1. HP: 18/18 MP: 1/1
   375 | D:1      | Reached XP level 2. HP: 20/24 MP: 2/2
   700 | D:1      | Reached skill level 4 in Unarmed Combat
  1148 | D:1      | Reached XP level 3. HP: 28/29 MP: 3/3
  1320 | D:2      | HP: 2/29 [goblin/dagger (4)]
  1322 | D:1      | Slain by a quokka

Vanquished Creatures
  An adder (D:2)
  2 dart slugs (D:1)
  4 bats (D:1)
  3 goblins (D:1)
  4 hobgoblins (D:1)
  A ball python (D:1)
  2 giant newts (D:1)
  10 kobolds (D:1)
  3 rats (D:1)
30 creatures vanquished.
